 Dungeon Crawl Stone Soup version 0.31-a0-728-g01b46875f1 (webtiles) character file.

Game seed: 3613545220841467160

202 cforsyth the Trooper (level 6, -2/49 HPs)
             Began as a Djinni Chaos Knight on Sept 12, 2023.
             Was a Plaything of Xom.
             Slain by an orc priest
             ... wielding a +0 flail
              (5 damage)
             ... on level 4 of the Dungeon.
             The game lasted 00:04:09 (2295 turns).

cforsyth the Trooper (Djinni Chaos Knight)          Turns: 2295, Time: 00:04:10

Health: -2/49      AC:  6    Str: 11    XL:     6   Next: 8%
Gold:   221        EV: 11    Int: 15    God:    Xom [.*....] SH:  0 Dex: 13

rFire   + + .        a - +0 falchion (chaos)
rCold   x . .        (no shield)
rNeg    . . .        b - +2 leather armour
rPois   ∞            (helmet restricted)
rElec   .            (no cloak)
rCorr   .            h - +0 pair of gloves
SInv    .            (boots unavailable)
Will    .....        (no amulet)
Stlth   +            (no ring)
HPRegen 0.28/turn    (no ring)
MPRegen 0.00/turn

%: infuse magic (-3 HP)
@: flying, very slightly contaminated
A: sickness immunity, fire resistance 2, cold vulnerability 1, float, innate
caster, HP casting, extra vitality 1, fangs 1, horns 1
a: Renounce Religion


You were on level 4 of the Dungeon.
You worshipped Xom.
You were a plaything of Xom.
You visited 1 branch of the dungeon, and saw 4 of its levels.

You collected 221 gold pieces.

Inventory:

Hand Weapons
 a - a +0 falchion of chaos (weapon)
Armour
 b - a +2 leather armour (worn)
 h - a +0 pair of gloves (worn)
Scrolls
 c - a scroll of butterflies
 d - 2 scrolls of enchant armour {unknown}
 e - 2 scrolls of noise {unknown}
 f - 6 scrolls of identify {unknown}
 k - a scroll of summoning {unknown}
 l - a scroll of enchant weapon {unknown}
 n - a scroll of blinking {unknown}
 o - a scroll of vulnerability {unknown}
Potions
 i - a potion of berserk rage {unknown}
 j - a potion of invisibility {unknown}
 m - a potion of cancellation {unknown}
 p - a potion of heal wounds {unknown}


   Skills:
 + Level 4.9 Fighting
 - Level 2.6 Long Blades
 - Level 1.0 Armour
 - Level 2.1 Dodging
 + Level 2.6 Spellcasting
 + Level 2.6 Conjurations
 + Level 2.6 Hexes
   Level 0.0 Charms
 + Level 2.6 Summonings
 + Level 2.6 Necromancy
 + Level 2.6 Translocations
 + Level 2.6 Transmutations
 + Level 2.6 Fire Magic
 + Level 2.6 Ice Magic
 + Level 2.6 Air Magic
 + Level 2.6 Earth Magic
 + Level 2.6 Poison Magic


You knew the following spells:

 Your Spells              Type           Power      Damage    Failure   Level
a - Freeze                Ice            36%        1d5       10%         1
b - Blink                 Tloc           18%        N/A       14%         2
Your spell library was empty.

Dungeon Overview and Level Annotations

Branches:
Dungeon (4/15)
 Temple: D:4-7

Altars:

Annotations:
D:3 Grinder


Innate Abilities, Weirdness & Mutations

You are immune to sickness and miasma.
You are immune to poison.
Your flesh is very heat resistant. (rF++)
You are vulnerable to cold. (rC-)
You float through the air rather than walking.
You learn spells naturally, not from books.
Your magical power is your life essence.
You have superior vitality. (+4 MHP)
You have very sharp teeth.
You have a pair of small horns on your head.


Message History

The orc priest calls upon Beogh to heal the orc.
The orc's wounds heal themselves!
The orc hits you but does no damage. The orc barely misses you.
You barely miss the orc. The orc closely misses you.
The orc hits you with a +0 mace!
You barely miss the orc. The orc hits you with a +0 hand axe.
The orc hits you but does no damage.
Casting: Freeze (safe; 8% risk of failure)
Confirm with . or Enter, or press ? or * to list all spells.
Aiming: Freeze (safe; 8% risk of failure)
Press: ? - help, Shift-Dir - straight line, f - orc priest, p - orc
Aim: an orc priest, wielding a +0 flail You miscast Freeze.
Nothing appears to happen.
The orc misses you. The orc hits you with a +0 mace!
The orc priest calls down the wrath of Beogh upon you.
Beogh smites you!
* * * LOW HITPOINT WARNING * * *
Casting: Freeze (safe; 8% risk of failure)
Confirm with . or Enter, or press ? or * to list all spells.
Aiming: Freeze (safe; 8% risk of failure)
Press: ? - help, Shift-Dir - straight line, f/p - orc priest
Aim: an orc priest, wielding a +0 flail You freeze the orc priest.
The orc priest is moderately wounded.
* * * LOW HITPOINT WARNING * * *
The orc misses you. The orc barely misses you.
The orc priest hits you with a +0 flail!
* * * LOW HITPOINT WARNING * * *
It was a potion of mutation.
You feel extremely strange.
Your thinking seems confused.
Your skeletal structure returns to normal.
You feel stupid.
Your rate of healing slows.
A pair of horns grows on your head!
An orc priest comes into view. It is wielding a +0 falchion.
The orc hits you with a +0 hand axe.
* * * LOW HITPOINT WARNING * * *
The orc closely misses you.
The orc priest hits you with a +0 flail.
You die...
Xom titters!

..+##+.........
.......†.......
.....#.........
#....#.........
#...........##.
##.....)#####
#...##.o## #### ##o.#
###@o.## ####...o..#
#.............
#.###..#.......
#......##.........##.#.
##.....####...........#
###........#.. [.....#
##.......# #.....#
#......######.....+


You could see 2 orc priests and 2 orcs.

Vanquished Creatures
  An ogre (D:4)
  A gnoll (D:1)
  5 adders
  A worm (D:2)
  2 dart slugs (D:1)
  4 orcs (D:4)
  9 bats
  3 endoplasms
  A giant cockroach (D:1)
  3 goblins
  6 hobgoblins
  3 jackals (D:1)
  8 kobolds
  A quokka (D:2)
  4 ball pythons
  2 frilled lizards
  5 rats
59 creatures vanquished.

Notes
Turn   | Place    | Note
-------+----------+-------------------------------------------
     0 | D:1      | cforsyth the Djinni Chaos Knight began the quest for the
                  | Orb.
     0 | D:1      | Reached XP level 1. HP: 20/20 MP: 0/0
    82 | D:1      | Reached XP level 2. HP: 21/25 MP: 0/0
   172 | D:1      | Reached skill level 1 in Spellcasting
   172 | D:1      | Reached skill level 1 in Conjurations
   172 | D:1      | Reached skill level 1 in Hexes
   172 | D:1      | Reached skill level 1 in Summonings
   172 | D:1      | Reached skill level 1 in Necromancy
   172 | D:1      | Reached skill level 1 in Translocations
   172 | D:1      | Reached skill level 1 in Transmutations
   172 | D:1      | Reached skill level 1 in Fire Magic
   172 | D:1      | Reached skill level 1 in Ice Magic
   172 | D:1      | Reached skill level 1 in Air Magic
   172 | D:1      | Reached skill level 1 in Earth Magic
   172 | D:1      | Reached skill level 1 in Poison Magic
   172 | D:1      | Reached XP level 3. HP: 15/30 MP: 0/0
   172 | D:1      | Learned a level 1 spell: Freeze
   551 | D:1      | XOM: silly message
   633 | D:1      | XOM: give mutations
   633 | D:1      | Gained mutation: You have hidden genetic potential. [Xom's
                  | grace]
   633 | D:1      | Gained mutation: Your mind is acute. (Int +4, Str/Dex -1)
                  | [Xom's grace]
   633 | D:1      | Gained mutation: Your natural rate of healing is unusually
                  | fast. [Xom's grace]
   633 | D:1      | Gained mutation: You possess an exceptional clarity of
                  | mind. [Xom's grace]
   687 | D:1      | XOM: god gift: black potion {god gift}
   868 | D:2      | XOM: smoke on damage
   931 | D:2      | Reached XP level 4. HP: 37/37 MP: 0/0
  1106 | D:2      | Reached skill level 4 in Fighting
  1156 | D:2      | Found a faded altar of an unknown god.
  1678 | D:3      | Gained mutation: You have a somewhat thin skeletal
                  | structure. (Dex +2, Stealth+) [hidden potential]
  1734 | D:3      | Noticed Grinder
  2145 | D:3      | XOM: god gift: 54 gold pieces
  2166 | D:4      | Noticed an ogre
  2169 | D:4      | XOM: silly message
  2175 | D:4      | XOM: butterfly on damage
  2177 | D:4      | Killed an ogre
  2178 | D:4      | Reached XP level 5. HP: 12/42 MP: 0/0
  2178 | D:4      | Learned a level 2 spell: Blink
  2189 | D:4      | Gained mutation: You have very sharp teeth. [hidden
                  | potential]
  2189 | D:4      | Lost mutation: You have hidden genetic potential. [hidden
                  | potential expressed]
  2272 | D:4      | Reached XP level 6. HP: 45/49 MP: 0/0
  2295 | D:4      | Lost mutation: You possess an exceptional clarity of mind.
                  | [potion of mutation]
  2295 | D:4      | Lost mutation: You have a somewhat thin skeletal structure.
                  | (Dex +2, Stealth+) [potion of mutation]
  2295 | D:4      | Lost mutation: Your mind is acute. (Int +4, Str/Dex -1)
                  | [potion of mutation]
  2295 | D:4      | Lost mutation: Your natural rate of healing is unusually
                  | fast. [potion of mutation]
  2295 | D:4      | Gained mutation: You have a pair of small horns on your
                  | head. [potion of mutation]
  2295 | D:4      | Slain by an orc priest

Illustrated notes

Levels and vault maps discovered:
D:1:      dpeg_arrival_round_b, layout_rooms, minmay_heptomino_d4
D:2:      minmay_door_path, layout_basic,
          dreamdust_ecumenical_altar_sealed_demon
D:3:      layout_loops_ring, uniq_grinder
D:4:      layout_cave_pools, mainiacjoe_overflow_24_doors, gup_sewer_entry_bowl,
          cheibrodos_gnoll_hut

Skill      XL: |  1  2  3  4 |
---------------+-------------+-----
Spellcasting   | 1 2 |  2.6
Conjurations   | 1 2 |  2.6
Hexes          | 1 2 |  2.6
Summonings     | 1 2 |  2.6
Necromancy     | 1 2 |  2.6
Translocations | 1 2 |  2.6
Transmutations | 1 2 |  2.6
Fire Magic     | 1 2 |  2.6
Ice Magic      | 1 2 |  2.6
Air Magic      | 1 2 |  2.6
Earth Magic    | 1 2 |  2.6
Poison Magic   | 1 2 |  2.6
Fighting       | 4 |  4.9
Long Blades    | |  2.6
Armour         | |  1.0
Dodging        | |  2.1

Action                     |  1- 3 |  4- 6 || total
---------------------------+-------+-------++-------
  Melee: Falchion          |    37 |     7 ||    44
   Cast: Freeze            |    55 |    66 ||   121
    Use: Potion            |       |     1 ||     1
 Armour: Leather armour    |    68 |    50 ||   118
  Dodge: Dodged            |    66 |    53 ||   119

Table legend: (Time is in decaauts)
 A = Elapsed time spent in this place.
 B = Non-inter-level travel time spent in this place.
 C = Inter-level travel time spent in this place.
 D = Time resting spent in this place.
 E = Time spent auto-exploring this place.
 F = Levels seen in this place.
 G = Mean time per level.
                   A        B        C        D        E       F      G
               +--------+--------+--------+--------+--------+-----+--------+
         Total |   2302 |   2239 |     63 |    100 |   1608 |   4 |  575.5 |
       Dungeon |   2302 |   2239 |     63 |    100 |   1608 |   4 |  575.5 |
               +--------+--------+--------+--------+--------+-----+--------+

Top non-repeatable levels by time:
     D:2: 861 daAuts
     D:1: 795 daAuts
     D:3: 516 daAuts
     D:4: 129 daAuts
